[Event "Klatovy Open-A 2024"]
[Site "Klatovy"]
[Date "2024.07.07"]
[Round "9.1"]
[White "Skypala, Ondrej"]
[Black "Straka, Vojtech"]
[Result "1/2-1/2"]
[ECO "A29"]
[WhiteElo "2223"]
[BlackElo "2436"]
[Annotator "TA"]
[PlyCount "87"]
[EventDate "2024.06.21"]
[EventType "swiss"]
[EventCountry "CZE"]
[SourceTitle "playchess.com"]
[Source "ChessBase"]
[SourceQuality "1"]
[TimeControl "40/7200:0"]

1. c4 e5 2. g3 Nf6 3. Bg2 d5 4. cxd5 Nxd5 5. Nc3 Nb6 6. Nf3 Nc6 7. O-O Be7 8. a3 O-O 9. d3 Be6 10. b4 a5 11. b5 Nd4 12. Nd2 Rb8 13. Rb1 Qd7 14. e3 Nf5 {[%emt 0:00:00] Black is slightly better.} (14... Bg4 $5 15. f3 Bf5 $11) 15. Nf3 f6 16. Qc2 Rfd8 17. Rd1 Nd6 18. d4 {[%emt 0:16:44] [#]} e4 19. Nd2 (19. Nxe4 $2 Nxe4 20. Ne5 (20. Qxe4 $2 Bf5 $19) 20... fxe5 $19) 19... f5 20. f3 exf3 21. Bxf3 Ndc4 22. Nb3 Nxa3 (22... Qe8 $15) 23. Bxa3 $11 Bxa3 24. Nxa5 Qe7 (24... Nd5 $1 $11 {keeps the balance.} 25. Qb3 Be7 26. Nxd5 Bxd5 27. Bxd5+ Qxd5) 25. Nxb7 Re8 26. Na5 Qg5 27. Re1 Kh8 28. Nc6 Rbc8 29. Qf2 {[%emt 0:04:21] White is more active.} Bg8 30. Ne5 Bd6 31. Nd3 Nc4 32. Nd1 Re7 33. Bc6 Rf8 34. Nf4 Qh6 35. Nc3 $2 (35. Nd5 $14 {stays ahead.} Re6 36. Nf4) 35... g5 $17 36. Nd3 {[%emt 0:05:02] [#]} Rg7 (36... f4 $1 $19 {[%cal Rf4g3] Threatens to win with ...fxg3.} 37. Ne4 (37. exf4 gxf4 38. Rxe7 fxg3 $17) 37... fxe3 (37... Nxe3 38. Qb2 $15)) 37. Qe2 (37. Qg2 $1 $15 {is more appropriate.}) 37... f4 38. Ne4 Nxe3 {[%emt 0:02:01] And now ...Bc4 would win.} 39. Ndf2 fxg3 (39... Bc4 $17 40. Qd2 Rgf7 (40... fxg3 41. hxg3 Nf5 42. Qc3 $14)) 40. hxg3 $15 Nf5 41. Ng4 Qh3 42. Ngf2 {[%emt 0:00:00] A dynamic duo of knights.} Qh6 43. Ng4 Qh3 (43... Qh5 $15 44. Ngf6 Qxe2 45. Rxe2 Nxd4 (45... Bxg3 46. Nxg8 Rgxg8 47. Nxg3 $11) (45... Nxg3 46. Nxg3 Bxg3 47. Nh5 $11)) 44. Ngf2 {[%emt 0:00:00] Weighted Error Value: White=0.18 (very precise) /Black=0.24 (precise) .  Mistake:       	White=2     	Black=5      Inaccurate:     	White=4     	Black=2      OK:         	White=13    	Black=14     Best:        	White=3     	Black=2} 1/2-1/2

[Event "Klatovy Open-A 2024"]
[Site "Klatovy"]
[Date "2024.07.07"]
[Round "9.3"]
[White "Slovak, Kilian"]
[Black "Janous, Marek"]
[Result "1-0"]
[ECO "B60"]
[WhiteElo "2271"]
[BlackElo "2129"]
[Annotator "TA"]
[PlyCount "51"]
[EventDate "2024.06.21"]
[EventType "swiss"]
[EventCountry "CZE"]
[SourceTitle "playchess.com"]
[Source "ChessBase"]
[SourceQuality "1"]
[TimeControl "40/7200:0"]

1. e4 c5 2. Nf3 Nc6 3. d4 cxd4 4. Nxd4 Nf6 5. Nc3 d6 6. Bg5 Bd7 7. Bxf6 gxf6 8. Nf5 Rc8 9. Qd2 a6 10. O-O-O b5 {[%emt 0:03:43] White is slightly better.} 11. Kb1 Na5 ({Black should try} 11... b4 $14) 12. a3 Nc4 13. Bxc4 bxc4 14. Qd4 {[%emt 0:01:34] White has more active pieces.} Qa5 (14... Be6 $16 {was necessary.} 15. f4 h5) 15. Nd5 $18 {[%emt 0:02:02] A dynamic duo of knights.} Qc5 16. Qc3 h5 17. f4 Rg8 18. g3 Be6 19. Rhe1 Bxd5 20. exd5 e5 21. Re4 {[%emt 0:00:49] [#] Black must now prevent Rdd4.} Kd7 22. Ne3 Bg7 (22... Qb5 $142 23. Rf1 (23. Rxc4 Rxc4 24. Nxc4 Bg7 $18) (23. Nxc4 f5 $11) 23... Rg7 24. Rxc4 (24. fxe5 fxe5 25. Nxc4 Kd8 $18) 24... Rxc4 25. Nxc4 Ke7) 23. fxe5 (23. Nxc4 $2 {loses.} f5 $19) 23... fxe5 24. Rf1 (24. Nxc4 f5 25. b4 Qb5 $17) 24... Ke7 $2 {[%emt 0:01:01] [#]} (24... f6 25. Rxc4 (25. Qxc4 Qxc4 26. Nxc4 Rc5 $18) 25... Qb6) 25. Rxc4 Qxe3 26. Rc7+ {[%emt 1:12:25] Black did not feel at home in the position after the opening.   Weighted Error Value: White=0.18 (very precise) /Black=0.73.  Mistake:       	---       	Black=4      Inaccurate:     	White=1     	Black=4      OK:         	White=8     	Black=1      Best:        	White=1     	Black=1} 1-0

[Event "Klatovy Open-A 2024"]
[Site "Klatovy"]
[Date "2024.07.07"]
[Round "9.8"]
[White "Strnad, Jakub"]
[Black "Dvorak, Jan"]
[Result "1/2-1/2"]
[ECO "C18"]
[WhiteElo "1942"]
[BlackElo "2133"]
[Annotator "RC"]
[PlyCount "20"]
[EventDate "2024.06.21"]
[EventType "swiss"]
[EventCountry "CZE"]
[SourceTitle "playchess.com"]
[Source "ChessBase"]
[SourceQuality "1"]
[TimeControl "40/7200:0"]

1. e4 e6 2. d4 d5 3. Nc3 Bb4 4. e5 c5 5. a3 Bxc3+ 6. bxc3 Qa5 7. Bd2 Qa4 8. Qb1 c4 9. Ne2 Nc6 10. g3 Bd7 1/2-1/2